 Dungeon Crawl Stone Soup version 0.24-a0-769-g368c1644f8 (webtiles) character file.

Game seed: 7553104433899761456, levelgen mode: deterministic

154 Erk the Skirmisher (level 5, -4/46 HPs)
             Began as a Human Fighter on Oct 5, 2019.
             Slain by a wight
             ... wielding a +2 short sword
              (7 damage)
             ... on level 3 of the Dungeon.
             The game lasted 00:11:27 (1901 turns).

Erk the Skirmisher (Human Fighter)                  Turns: 1901, Time: 00:11:28

Health: -4/46      AC:  8    Str: 17    XL:     5   Next: 63%
Magic:  5/5        EV:  4    Int:  8    God:
Gold:   119        SH:  8    Dex: 13    Spells: 4/4 levels left

rFire    . . .     SeeInvis .   a - +0 long sword
rCold    . . .     Gourm    .   c - +0 shield
rNeg     . . .     Faith    .   w - +0 chain mail
rPois    .         Spirit   .   (no helmet)
rElec    .         Reflect  .   (no cloak)
rCorr    .         Harm     .   (no gloves)
MR       .....                  (no boots)
Stlth    ..........             (no amulet)
HPRegen  0.15/turn              (no ring)
MPRegen  0.09/turn              (no ring)

@: hasted, drained, very quick
A: no striking features
a: no special abilities


You were on level 3 of the Dungeon.
You were hungry.

You visited 1 branch of the dungeon, and saw 4 of its levels.

You collected 119 gold pieces.

Inventory:

Hand Weapons
 a - a +0 long sword (weapon)
 b - a +0 hunting sling
 i - a +0 hand axe
 n - a +0 dagger
 o - a +0 short sword
Missiles
 r - 62 stones (quivered)
 x - 13 bolts
Armour
 c - a +0 shield (worn)
 q - a cursed +0 robe
 w - a +0 chain mail (worn)
Jewellery
 u - an uncursed ring of protection from fire {unknown}
 v - an uncursed amulet of harm {unknown}
Scrolls
 g - a scroll of magic mapping {unknown}
 h - a scroll of enchant weapon {unknown}
 j - a scroll of remove curse {unknown}
 k - a scroll of amnesia {unknown}
 m - 4 scrolls of teleportation {unknown}
 p - 2 scrolls of identify {unknown}
 t - a scroll of immolation {unknown}
Potions
 d - a potion of might
 e - a potion of heal wounds {unknown}
 l - a potion of haste
Comestibles
 f - 4 rations
 s - 3 chunks of flesh


   Skills:
 + Level 5.9(5.3) Fighting
 - Level 2.0(1.4) Long Blades
 - Level 3.0(2.4) Armour
 - Level 3.0(2.4) Shields


You had 4 spell levels left.
You didn't know any spells.
Your spell library was empty.

Dungeon Overview and Level Annotations

Branches:
Dungeon (4/15)
 Temple: D:4-7

Altars:
Yredelemnul


Message History

You destroy the wight!
You hit the wight.
The wight is lightly damaged.
The wight hits you with a +2 short sword.
* * * LOW HITPOINT WARNING * * *
You feel drained.
You closely miss the wight.
The wight is lightly damaged.
You block the wight's attack.
You closely miss the wight.
The wight is lightly damaged.
The wight barely misses you.
Your chain mail prevents you from hitting the wight.
The wight is lightly damaged.
The wight hits you but does no damage.
Your shield and chain mail prevent you from hitting the wight.
The wight is lightly damaged.
You are feeling hungry.
The wight hits you with a +2 short sword!
You die...

#.#.. ..## #.# #.#.# #.##
#.## #.#.####..# #...#
#.#.#....#.#.# .#
#.#......##.###.##
####.............<.$#
#...........#....z.......
#...#..#...##z####..####.
# #..###.##.###@# ..#
####...#..##.# #.# ...#
...รท.......... #.# ..##
####....####.#.#.# ..#
#...........#.# .g#
......... #.# #
#...#.#### #.# #.........
#.. #.#...#.###


You could see a wight.

Vanquished Creatures
  A wight (D:3)
  5 adders
  2 oozes
  A worm (D:3)
  4 dart slugs
  An orc (D:3)
  A giant cockroach (D:3)
  3 goblins
  8 hobgoblins
  6 kobolds
  A quokka (D:2)
  A ball python (D:3)
  10 bats
  2 frilled lizards
  3 rats
  A toadstool (D:1)
50 creatures vanquished.

Vanquished Creatures (others)
  3 toadstools (D:1)
3 creatures vanquished.

Grand Total: 53 creatures vanquished

Notes
Turn   | Place    | Note
-------+----------+-------------------------------------------
     0 | D:1      | Erk the Human Fighter began the quest for the Orb.
     0 | D:1      | Reached XP level 1. HP: 18/18 MP: 1/1
   214 | D:1      | Reached XP level 2. HP: 24/24 MP: 2/2
   540 | D:1      | Reached skill level 4 in Fighting
   540 | D:1      | Reached XP level 3. HP: 30/30 MP: 3/3
  1202 | D:3      | Found a basalt altar of Yredelemnul.
  1318 | D:2      | Reached XP level 4. HP: 33/38 MP: 4/4
  1508 | D:2      | Reached skill level 5 in Fighting
  1840 | D:3      | Reached XP level 5. HP: 37/44 MP: 5/5
  1897 | D:3      | HP: 2/46 [wight/+2 short sword (5)]
  1901 | D:3      | Slain by a wight

Levels and vault maps discovered:
D:1:      ldierk_water_garden, layout_basic
D:2:      layout_loops_cross
D:3:      layout_loops_ring, yredelemnul_altar_generic, first_ration,
          chequers_serial_rivers_micro_a, uniq_sigmund
D:4:      layout_basic, kennysheep_nondescript, minmay_misc_feat_more_columns,
          uniq_robin

Skill      XL: |  1  2  3  4 |
---------------+-------------+-----
Fighting       | 4 5 |  5.9
Long Blades    | |  2.0
Armour         | |  3.0
Shields        | |  3.0

Action                   |  1- 3 |  4- 6 || total
-------------------------+-------+-------++-------
Melee: Long sword        |    64 |    92 ||   156
Throw: Stone             |       |     3 ||     3
  Use: Potion            |       |     1 ||     1
  Eat: Chunk             |     1 |     2 ||     3
Armor: Scale mail        |    29 |    11 ||    40
       Chain mail        |       |    22 ||    22
Dodge: Dodged            |    24 |    22 ||    46
Block: Shield            |    34 |    45 ||    79
       Rpst.: Long sword |     9 |     4 ||    13

Table legend:
 A = Non-vault XP
 B = Vault XP
 C = Vault XP percentage of total XP
 D = Non-vault monster count
 E = Vault monster count
 F = Vault count percentage of total count
                 A         B        C        D         E       F
            +---------+---------+-------+---------+---------+-------
      Total |     221 |       0 |   0.0 |      49 |       0 |   0.0
            +---------+---------+-------+---------+---------+-------
        D:1 |      31 |       0 |   0.0 |      15 |       0 |   0.0
        D:2 |      87 |       0 |   0.0 |      16 |       0 |   0.0
        D:3 |     103 |       0 |   0.0 |      18 |       0 |   0.0
            +---------+---------+-------+---------+---------+-------
